 Dungeon Crawl Stone Soup version 0.27-a0-1140-g099f9bb0e8 (webtiles) character file.

Game seed: 3589021063014470475

653 HoaS the Cruncher (level 7, -1/40 HPs)
             Began as a Tengu Gladiator on May 8, 2021.
             Was an Initiate of Okawaru.
             Slain by a centaur (2 damage)
             ... on level 5 of the Dungeon.
             The game lasted 00:09:07 (4419 turns).

HoaS the Cruncher (Tengu Gladiator)                 Turns: 4419, Time: 00:09:08

Health: -1/40      AC:  9    Str: 17    XL:     7   Next: 54%
Magic:  8/8        EV: 14    Int:  8    God:    Okawaru [......]
Gold:   227        SH:  0    Dex: 15    Spells: 6/6 levels left

rFire    . . .     SeeInvis +   a - +0 quarterstaff
rCold    . . .     Faith    .   (shield currently unavailable)
rNeg     . . .     Spirit   .   h - +0 ring mail
rPois    .         Reflect  .   n - +1 hat
rElec    .         Harm     .   m - +2 cloak
rCorr    .         Rampage  .   (no gloves)
Will     .....                  (boots unavailable)
Stlth    +.........             (no amulet)
HPRegen  0.13/turn              k - ring of see invisible
MPRegen  0.11/turn              (no ring)

@: flying quickly and evasively, quick
A: beak, talons 3, nimble flight
a: Renounce Religion


You were on level 5 of the Dungeon.
You worshipped Okawaru.
Okawaru was noncommittal.
You visited 2 branches of the dungeon, and saw 6 of its levels.

You collected 227 gold pieces.

Inventory:

Hand Weapons
 a - a +0 quarterstaff (weapon)
Missiles
 b - 3 curare-tipped darts
 d - a throwing net (quivered)
 f - 3 boomerangs
 j - 13 poisoned darts
 l - 24 arrows
Armour
 h - a +0 ring mail (worn)
 m - a +2 cloak (worn)
 n - a +1 hat (worn)
Jewellery
 i - a ring of protection from fire
 k - a ring of see invisible (left hand)
Scrolls
 c - a scroll of enchant weapon {unknown}
Potions
 e - a potion of ambrosia
 g - a potion of cancellation


   Skills:
 - Level 2.0 Fighting
 * Level 9.3 Staves
 - Level 2.0 Throwing
 - Level 3.2 Dodging
 + Level 0.7 Invocations


You had 6 spell levels left.
You didn't know any spells.
Your spell library contained the following spells:

 Spells                   Type           Power      Damage    Failure   Level
 Corona                   Hex            0%         N/A       63%         1
 Slow                     Hex            0%         N/A       77%         2
 Inner Flame              Hex/Fire       0%         N/A       94%         3
 Portal Projectile        Hex/Tloc       0%         N/A       94%         3
 Cause Fear               Hex            0%         N/A       100%        4
 Leda's Liquefaction      Hex/Erth       0%         N/A       100%        4


Dungeon Overview and Level Annotations

Branches:
Dungeon (5/15)             Temple (1/1) D:5

Altars:
Ashenzari
Cheibriados
Fedhas
Gozag
Hepliaklqana
Kikubaaqudgha
Okawaru
Ru
Sif Muna
Trog
Uskayaw
Xom
Yredelemnul


Innate Abilities, Weirdness & Mutations

You have a beak for a mouth.
You have claws for feet.
Your magical nature lets you fly swiftly and evasively.


Message History

You are too injured to fight recklessly!
You are too injured to fight recklessly!
The centaur shoots an arrow.
The arrow hits you!
* * * LOW HITPOINT WARNING * * *
The arrow freezes you.
* * * LOW HITPOINT WARNING * * *
Found an escape hatch in the floor.
Okay, then.
The centaur unwields a +1 shortbow of freezing.
The centaur hits you.
* * * LOW HITPOINT WARNING * * *
The centaur misses you.
You hit the centaur but do no damage. You peck the centaur.
The centaur is lightly wounded.
The centaur hits you.
* * * LOW HITPOINT WARNING * * *
The centaur closely misses you.
The centaur hits you but does no damage.
The centaur kicks you but does no damage.
You barely miss the centaur. Your kick misses the centaur.
The centaur is lightly wounded.
The centaur misses you. The centaur barely misses you.
You hit the centaur. You peck the centaur.
The centaur is moderately wounded.
The centaur closely misses you.
The centaur kicks you but does no damage.
Okay, then.
You sock the centaur! You claw the centaur, but do no damage.
You peck the centaur, but do no damage.
The centaur is severely wounded.
The centaur hits you but does no damage.
The centaur barely misses you.
You barely miss the centaur. You claw the centaur, but do no damage.
The centaur is severely wounded.
The centaur hits you.
* * * LOW HITPOINT WARNING * * *
The centaur closely misses you.
The centaur hits you but does no damage.
The centaur kicks you.
You die...

*,*,,,,,,.'.........'...........
*,,,,,,***#.........####...#..##
**,,,,,* *#.......## #.#[......
*,,,,,* ##.....## ##>#.#.###
*,,,,,* ##...## ##...## *,,,,,*
######†### ##.## **,****
#........# #.# *,* #.....c..#
#.# *,* #..###@#.# #.# *,*
***#..*#....#******#.# *,*
*.....>.........,,,..#
**,***.##..##....####***###
*,,,*#,*#.,,....$#
**,,,,,*#*,#####.# *******
*,,,,,,.# *******##


You could see a centaur.

Vanquished Creatures
  Sigmund (D:2)
  An ogre (D:4)
  A phantom (D:4)
  A hound (D:3)
  Crazy Yiuf (D:3)
  Terence (D:2)
  A scorpion zombie (D:5)
  An iguana (D:5)
  A hound skeleton (D:4)
  A hound zombie (D:5)
  4 gnolls (D:2)
  A howler monkey skeleton (D:4)
  4 adders
  An adder skeleton (D:4)
  3 worms (D:2)
  A dart slug (D:4)
  An orc (D:5)
  7 ball pythons
  6 endoplasms
  3 giant cockroaches (D:1)
  10 goblins
  4 hobgoblins (D:1)
  12 jackals
  4 kobolds
  5 bats
  2 frilled lizards
  5 rats
83 creatures vanquished.

Notes
Turn   | Place    | Note
-------+----------+-------------------------------------------
     0 | D:1      | HoaS the Tengu Gladiator began the quest for the Orb.
     0 | D:1      | Reached XP level 1. HP: 12/12 MP: 2/2
   192 | D:1      | Reached XP level 2. HP: 17/17 MP: 3/3
   194 | D:1      | Reached skill level 4 in Staves
   360 | D:1      | Reached XP level 3. HP: 21/21 MP: 4/4
   366 | D:1      | Found a faded altar of an unknown god.
   908 | D:2      | Reached skill level 5 in Staves
  1073 | D:2      | Reached XP level 4. HP: 18/26 MP: 5/5
  1317 | D:2      | Noticed Sigmund
  1330 | D:2      | Killed Sigmund
  1331 | D:2      | Reached skill level 7 in Staves
  1331 | D:2      | Gained mutation: Your magical nature lets you fly swiftly
                  | and evasively. [Tengu growth]
  1331 | D:2      | Reached XP level 5. HP: 22/30 MP: 6/6
  1331 | D:2      | Reached XP level 6. HP: 26/35 MP: 7/7
  1694 | D:2      | Noticed Terence
  1699 | D:2      | Killed Terence
  2633 | D:3      | Found a runed translucent door.
  2634 | D:3      | Noticed Crazy Yiuf
  2762 | D:3      | Killed Crazy Yiuf
  2763 | D:3      | Reached skill level 8 in Staves
  3035 | D:4      | Found a broken altar of Ashenzari.
  3315 | D:4      | Found a snail-covered altar of Cheibriados.
  3341 | D:4      | Reached XP level 7. HP: 40/40 MP: 8/8
  3474 | D:4      | Reached skill level 9 in Staves
  3604 | D:5      | Entered Level 5 of the Dungeon
  3638 | D:5      | Found a staircase to the Ecumenical Temple.
  3652 | Temple   | Entered the Ecumenical Temple
  3782 | Temple   | Became a worshipper of Warmaster Okawaru
  4415 | D:5      | HP: 1/40 [centaur (2)]
  4419 | D:5      | Slain by a centaur

Illustrated notes

Levels and vault maps discovered:
D:1:      ncdulo_wetmaze, layout_loops_ring, chequers_ecumenical_altar_island,
          columned_hall_lemuel, minmay_pentomino_r4
D:2:      layout_basic, hangedman_decor_growths, nrook_uturn, uniq_sigmund,
          uniq_terence
D:3:      layout_loops_ring, uniq_crazy_yiuf_cottage
D:4:      layout_loops_ring, general_overflow_altar,
          nicolae_ashenzari_panopticon
D:5:      layout_loops_corners, minmay_temple_entry_trees, minmay_door_square
Temple:   jpeg_temple_clearing

Skill      XL: |  1  2  3  4  5  6  7 |
---------------+----------------------+-----
Staves         | 4 5 7 8 9 |  9.3
Fighting       | |  2.0
Throwing       | |  2.0
Dodging        | |  3.2
Invocations    | |  0.7

Action                   |  1- 3 |  4- 6 |  7- 9 || total
-------------------------+-------+-------+-------++-------
Melee: Quarterstaff      |    60 |    83 |    44 ||   187
       Peck              |     7 |    13 |    12 ||    32
       Kick              |    10 |    29 |    17 ||    56
Throw: Throwing net      |       |     3 |       ||     3
       Boomerang         |       |     2 |       ||     2
  Use: Scroll            |       |     6 |     3 ||     9
 Stab: Sleeping          |     2 |       |       ||     2
       Distracted        |     1 |       |       ||     1
       Held in net/web   |       |     2 |       ||     2
Armor: Leather armour    |     8 |       |       ||     8
       Ring mail         |     4 |     8 |    12 ||    24
Dodge: Dodged            |    20 |    40 |    25 ||    85

Table legend: (Time is in decaauts)
 A = Elapsed time spent in this place.
 B = Non-inter-level travel time spent in this place.
 C = Inter-level travel time spent in this place.
 D = Time resting spent in this place.
 E = Time spent auto-exploring this place.
 F = Levels seen in this place.
 G = Mean time per level.
                   A        B        C        D        E       F      G
               +--------+--------+--------+--------+--------+-----+--------+
         Total |   4148 |   3913 |    235 |    453 |   2894 |   6 |  691.3 |
       Dungeon |   4018 |   3803 |    215 |    453 |   2785 |   5 |  803.6 |
        Temple |    130 |    111 |     19 |      0 |    108 |   1 |  130.0 |
               +--------+--------+--------+--------+--------+-----+--------+

Top non-repeatable levels by time:
     D:2: 1107 daAuts
     D:1: 858 daAuts
     D:3: 747 daAuts
     D:4: 699 daAuts
     D:5: 604 daAuts
  Temple: 130 daAuts
